 Dungeon Crawl Stone Soup version 0.24.0-125-gc4c63601f3 (webtiles) character file.

Game seed: 10796399289958058021, levelgen mode: deterministic

21027 ANON1729 the Covert (level 12, -10/80 HPs)
             Began as an Octopode Earth Elementalist on Mar 5, 2020.
             Mangled by a black mamba (19 damage)
             ... on level 4 of the Lair of Beasts.
             The game lasted 00:46:28 (18907 turns).

ANON1729 the Covert (Octopode Earth Elementalist)  Turns: 18907, Time: 00:46:28

Health: -10/80     AC:  1    Str:  8    XL:     12   Next: 85%
Magic:  21/21      EV: 17    Int: 23    God:
Gold:   1009       SH:  0    Dex: 13    Spells: 2/24 levels left

rFire    . . .     SeeInvis .   q - +2 dagger (venom)
rCold    . . .     Gourm    .   (no shield)
rNeg     . . .     Faith    .   (helmet restricted)
rPois    +         Spirit   .   t - amulet of the acrobat
rElec    .         Reflect  .   l - +2 ring of intelligence
rCorr    .         Harm     .   x - ring of protection from magic
MR       +....                  Q - ring of poison resistance
Stlth    +++++.....             (no ring)
HPRegen  0.23/turn              (no ring)
MPRegen  0.17/turn              (no ring)
                                (no ring)
                                (no ring)

@: no status effects
A: almost no armour, stealthy swim, amphibious, 8 rings, constrict 8, camouflage
1, gelatinous body 1
a: no special abilities


You were on level 4 of the Lair of Beasts.
You were hungry.

You visited 3 branches of the dungeon, and saw 16 of its levels.

You collected 1009 gold pieces.

Inventory:

Hand Weapons
 q - a +2 dagger of venom (weapon)
 D - the +7 mace "Efastup" {flame, +Fly MR+}
   (You found it on level 8 of the Dungeon)

   It has been specially enchanted to burn those struck by it, causing extra
   injury to most foes and up to half again as much damage against particularly
   susceptible opponents.
   It affects your resistance to hostile enchantments.
   It lets you fly.
 J - a +2 dagger of freezing
Missiles
 b - 186 stones
 k - 30 poisoned darts (quivered)
 m - 2 atropa-tipped darts
Jewellery
 l - a +2 ring of intelligence (left tentacle)
 t - an amulet of the acrobat (around mantle)
 x - a ring of protection from magic (right tentacle)
 A - an uncursed amulet of magic regeneration
 Q - a ring of poison resistance (on tentacle)
 T - an uncursed amulet of regeneration
Wands
 d - a wand of disintegration (12)
 u - a wand of enslavement (8)
 v - a wand of iceblast (9)
 y - a wand of acid (15)
 z - a wand of polymorph (9)
 U - a wand of paralysis (11)
 V - a wand of random effects (17)
Scrolls
 f - 6 scrolls of teleportation
 g - 2 scrolls of fog {unknown}
 h - 4 scrolls of amnesia {unknown}
 j - 2 scrolls of torment {unknown}
 n - 5 scrolls of remove curse
 p - 3 scrolls of blinking
 s - 2 scrolls of noise {unknown}
 w - a scroll of fear {unknown}
 B - a scroll of enchant armour {unknown}
 C - a scroll of enchant weapon {unknown}
 E - 3 scrolls of magic mapping {unknown}
 F - 2 scrolls of immolation {unknown}
 G - a scroll of holy word {unknown}
 H - a scroll of brand weapon {unknown}
 I - 2 scrolls of summoning {unknown}
 L - a scroll of vulnerability {unknown}
Potions
 a - 5 potions of curing
 e - a potion of might {unknown}
 i - 5 potions of resistance
 o - 2 potions of agility
 r - 3 potions of haste
 K - a potion of lignification {unknown}
 N - 2 potions of brilliance {unknown}
 O - a potion of mutation {unknown}
 P - a potion of flight {unknown}
 R - a potion of berserk rage {unknown}
Miscellaneous
 M - a fan of gales
 S - a sack of spiders
Comestibles
 c - 23 rations


   Skills:
 + Level 6.9 Fighting
 + Level 6.4 Short Blades
 + Level 7.3 Dodging
 + Level 10.2 Stealth
 + Level 6.6 Spellcasting
 + Level 3.5 Conjurations
 * Level 9.6 Transmutations
 + Level 3.5 Fire Magic
 * Level 10.1 Earth Magic


You had 2 spell levels left.
You knew the following spells:

 Your Spells              Type           Power        Failure   Level  Hunger
a - Sandblast             Erth           ######       1%          1    None
b - Passwall              Tmut/Erth      ######..     1%          2    None
c - Petrify               Tmut/Erth      ######..     1%          4    ###....
d - Stone Arrow           Conj/Erth      #####.       1%          3    None
e - Lee's Rapid Deconstr  Erth           ######....   3%          5    #####..
f - Conjure Flame         Conj/Fire      ###.....     5%          3    None
g - Sticky Flame          Conj/Fire      ###.....     19%         4    ###....

Your spell library contained the following spells:

 Spells                   Type           Power        Failure   Level  Hunger
 Flame Tongue             Conj/Fire      ###..        1%          1    None
 Throw Flame              Conj/Fire      ###...       2%          2    None
 Inner Flame              Hex/Fire       ###.....     12%         3    None
 Fireball                 Conj/Fire      ###.......   45%         5    #####..


Dungeon Overview and Level Annotations

Branches:
Dungeon (10/15)            Temple (1/1) D:6            Lair (5/6) D:10
 Shoals (0/4) Lair:2        Snake (0/4) Lair:4
  Slime: Lair:5-6       Orc: D:9-12

Altars:
Ashenzari
Cheibriados
Dithmenos
Elyvilon
Fedhas
Gozag
Hepliaklqana
Kikubaaqudgha
Makhleb
Nemelex Xobeh
Okawaru
Qazlal
Ru
Sif Muna
Trog
Uskayaw
Vehumet
Wu Jian
Xom
Yredelemnul
Zin
The Shining One

Annotations:
Lair:2 1 runed translucent door, 2 transporters, mpzz's ghost, journeyman TeAE


Innate Abilities, Weirdness & Mutations

You cannot wear most types of armour.
You are very stealthy in the water. (Stealth+)
You are amphibious.
You can wear up to eight rings at the same time.
You can use your tentacles to constrict eight enemies at once.
Your skin changes colour to match your surroundings (Stealth+).
Your rubbery body absorbs attacks. (AC +1, EV +1)


Message History

The black mamba poisons you!
You climb upwards.
You feel very sick.
There is a stone staircase leading down here.
You feel better. The black mamba barely misses you.
Evoke which item? (* to show all) (? for menu, Esc to quit)
Aiming: Enslavement
Press: ? - help, Shift-Dir - straight line, f - black mamba
Aim: a black mamba (chance to defeat MR: 46%)
The black mamba resists with some effort.
The black mamba bites you!!
* * * LOW HITPOINT WARNING * * *
The black mamba completely misses you.
Evoke which item? (* to show all) (? for menu, Esc to quit)
Aiming: Enslavement
Press: ? - help, Shift-Dir - straight line, f/p - black mamba
Aim: a black mamba (chance to defeat MR: 46%)
The black mamba resists with some effort.
The black mamba bites you!!
You die...

.##...##..######...#..#####...#.#
..##.###....#####....####.....###
...........<.......####.....###
..................#####....##
......#...........# #.......#
#.#..###.#...#..######..#.###
##.#######..######.#....###
#####...#...#######....##
P.P.............@.....#.#
................S.....###
..#.................###
####.#####.#.##.##### ##.#
######## ###


You could see a black mamba.

Vanquished Creatures
  3 hydras
  2 two-headed ogres
  Pikel (D:7)
  A black mamba (Lair:1)
  4 spiny frogs
  A rime drake (Lair:2)
  A troll (D:10)
  11 blink frogs
  4 hippogriffs
  Prince Ribbit (D:7)
  8 yaks
  A wyvern (D:9)
  A human (D:7)
  A basilisk (Lair:1)
  3 hogs (D:7)
  Grum (Lair:1)
  A steam dragon (D:8)
  Menkaure (D:6)
  A hungry ghost (D:10)
  2 nagas (Lair:4)
  7 porcupines
  3 ice beasts
  9 water moccasins
  2 orc warriors
  3 phantoms
  2 black bears
  2 necrophages (D:10)
  4 sky beasts
  32 wolves
  4 ogres
  7 centaurs
  6 crocodiles
  12 bullfrogs
  A gnoll sergeant (D:5)
  A wyvern zombie (D:10)
  3 scorpions
  4 howler monkeys
  An electric eel (D:10)
  2 crimson imps
  3 bullfrog skeletons
  9 hounds
  6 orc priests
  A centaur skeleton (D:9)
  A jelly (D:7)
  3 iguanas
  8 orc wizards
  6 worker ants
  2 hound zombies
  2 hound skeletons
  2 worker ant zombies
  8 gnolls
  A howler monkey skeleton (D:8)
  10 adders
  2 shadow imps
  An adder skeleton (D:8)
  2 dart slugs
  5 worms
  5 leopard geckos
  29 orcs
  10 bats
  6 giant cockroaches
  7 goblins
  8 hobgoblins
  5 jackals
  4 quokkas
  A ball python (D:1)
  A ball python zombie (D:5)
  4 frilled lizards
  A jackal skeleton (D:4)
  3 kobolds
  2 leopard gecko skeletons
  7 rats
319 creatures vanquished.

Vanquished Creatures (others)
  A centaur (D:10)
  An ogre (D:10)
  A hound (D:10)
  A worker ant (D:10)
  An orc (D:10)
  A jackal (D:10)
  A quokka (D:10)
  A fungus (Lair:2)
  2 plants
10 creatures vanquished.

Grand Total: 329 creatures vanquished

Notes
Turn   | Place    | Note
-------+----------+-------------------------------------------
     0 | D:1      | ANON1729 the Octopode Earth Elementalist began the quest
                  | for the Orb.
     0 | D:1      | Reached XP level 1. HP: 11/11 MP: 3/3
    55 | D:1      | Reached XP level 2. HP: 13/17 MP: 5/5
   181 | D:1      | Learned a level 2 spell: Passwall
  1146 | D:1      | Reached XP level 3. HP: 20/22 MP: 6/6
  1566 | D:2      | Found an ancient bone altar of Kikubaaqudgha.
  1566 | D:2      | Found a blossoming altar of Fedhas.
  1566 | D:2      | Found a sparkling altar of Nemelex Xobeh.
  1674 | D:2      | Reached skill level 1 in Fighting
  1695 | D:2      | Noticed an ogre
  1703 | D:2      | Killed an ogre
  1703 | D:2      | Reached XP level 4. HP: 11/28 MP: 3/7
  1703 | D:2      | Reached XP level 5. HP: 14/33 MP: 3/8
  2265 | D:2      | Found an iron altar of Okawaru.
  2549 | D:2      | Learned a level 4 spell: Petrify
  2880 | D:3      | Found an ornate altar of the Wu Jian Council.
  3643 | D:4      | Reached XP level 6. HP: 39/39 MP: 10/10
  4091 | D:4      | Reached skill level 1 in Short Blades
  4365 | D:4      | You fall into a shaft and drop 1 floor!
  4365 | D:5      | Entered Level 5 of the Dungeon
  4365 | D:5      | Found a stormy altar of Qazlal.
  4505 | D:5      | Noticed a phantom
  4513 | D:5      | Killed a phantom
  4513 | D:5      | Reached XP level 7. HP: 43/45 MP: 5/11
  4571 | D:5      | Found a bloodstained altar of Trog.
  4577 | D:5      | Found a hazy altar of Hepliaklqana.
  4578 | D:5      | Found a shimmering blue altar of Sif Muna.
  4726 | D:5      | Reached skill level 5 in Stealth
  4970 | D:5      | Learned a level 3 spell: Stone Arrow
  5136 | D:5      | Reached XP level 8. HP: 43/52 MP: 4/13
  5267 | D:5      | Reached skill level 5 in Earth Magic
  5367 | D:5      | Found a glowing golden altar of the Shining One.
  5572 | D:6      | Found an opulent altar of Gozag.
  5677 | D:6      | Noticed Menkaure
  6023 | D:6      | Killed Menkaure
  6166 | D:6      | Found a staircase to the Ecumenical Temple.
  6278 | Temple   | Entered the Ecumenical Temple
  6723 | D:7      | Reached XP level 9. HP: 40/58 MP: 2/14
  6730 | D:7      | Reached skill level 5 in Transmutations
  7281 | D:7      | Noticed Prince Ribbit
  7282 | D:7      | Noticed Pikel
  8078 | D:7      | Killed Prince Ribbit
  8078 | D:7      | Reached skill level 5 in Dodging
  8094 | D:7      | Killed Pikel
  8094 | D:7      | Reached XP level 10. HP: 41/65 MP: 13/17
  8433 | D:8      | Learned a level 5 spell: Lee's Rapid Deconstruction
  8434 | D:8      | Noticed a two-headed ogre
  8443 | D:8      | Killed a two-headed ogre
  8724 | D:8      | Reached skill level 5 in Spellcasting
  8729 | D:8      | Reached skill level 5 in Fighting
  9110 | D:8      | Got a scorched mace
  9412 | D:8      | Identified the +7 mace "Efastup" {flame, +Fly MR+} (You
                  | found it on level 8 of the Dungeon)
 10210 | D:9      | Learned a level 3 spell: Conjure Flame
 11102 | D:10     | Entered Level 10 of the Dungeon
 11130 | D:10     | Reached skill level 5 in Short Blades
 11130 | D:10     | Reached XP level 11. HP: 72/72 MP: 11/19
 11537 | D:10     | Found a staircase to the Lair.
 11577 | D:10     | Found a shimmering altar of Xom.
 12026 | D:10     | Noticed a two-headed ogre
 12034 | D:10     | Killed a two-headed ogre
 12161 | Lair:1   | Entered Level 1 of the Lair of Beasts
 12254 | Lair:1   | Noticed Grum
 12400 | Lair:1   | Killed Grum
 12446 | Lair:1   | Reached skill level 1 in Conjurations
 12446 | Lair:1   | Reached skill level 1 in Fire Magic
 14348 | Lair:2   | Found a staircase to the Shoals.
 14372 | Lair:2   | Learned a level 4 spell: Sticky Flame
 14389 | Lair:2   | Noticed mpzz's ghost (journeyman TeAE)
 14403 | Lair:2   | Found a runed translucent door.
 14717 | Lair:2   | Found a transporter.
 14747 | Lair:2   | Found a transporter.
 15390 | Lair:2   | Reached XP level 12. HP: 79/79 MP: 17/21
 15618 | Lair:3   | Noticed a four-headed hydra
 15990 | Lair:3   | Killed a four-headed hydra
 16520 | Lair:3   | Noticed an eight-headed hydra
 16533 | Lair:3   | Killed an eight-headed hydra
 16987 | Lair:4   | Found a staircase to the Snake Pit.
 17156 | Lair:4   | Reached skill level 10 in Stealth
 17717 | Lair:4   | Reached skill level 10 in Earth Magic
 18056 | Lair:4   | Noticed a five-headed hydra
 18259 | Lair:4   | Killed a five-headed hydra
 18907 | Lair:4   | Mangled by a black mamba

Levels and vault maps discovered:
D:1:      minmay_arrival_jagged, layout_basic
D:2:      layout_rooms, okawaru_metal_pillars_1_2,
          gammafunk_temple_overflow_claw
D:3:      layout_rooms, nicolae_overflow_crystal_walls,
          hangedman_abyss_or_decor_lesser_grid
D:4:      layout_basic
D:5:      layout_basic, gammafunk_temple_overflow_forgotten, tso_altar,
          first_ration, nicolae_qazlal_general_emergency
D:6:      layout_loops_corners, minmay_temple_entry_large_hall,
          nicolae_gozag_cash_rules_everything_around_me, uniq_menkaure
D:7:      layout_rooms, grunt_livestock, uniq_pikel, uniq_prince_ribbit1
D:8:      layout_basic
D:9:      layout_long_grid
D:10:     layout_small_grid, erik_lair_island, xom_confusion_cloud
Temple:   nicolae_temple_god_jail
Lair:1:   layout_regular_city, beast_lair_carwin_9, uniq_grum
Lair:2:   gammafunk_cloud_chamber, layout_regular_city, shoals_dummy_entry,
          hellmonk_ghost_happy_afterlife
Lair:3:   layout_cave_shapes, grunt_megastairs_2
Lair:4:   layout_concentric_octagons, guppyfry_snake_entry_island
Lair:5:   layout_misc_corridors, slime_altar_1, st_stairs_4,
          infiniplex_staircase_pool, lemuel_fruit_tree

Skill      XL: |  1  2  3  4  5  6  7  8  9 10 11 12 |
---------------+-------------------------------------+-----
Stealth        | 3 4 5 6 7 8 9 10 | 10.2
Fighting       | 1 2 3 4 5 6 |  6.9
Transmutations | 2 3 4 6 7 8 9 |  9.6
Dodging        | 3 4 5 6 7 |  7.3
Earth Magic    | 4 6 7 8 9 10 | 10.1
Short Blades   | 1 2 3 4 5 6 |  6.4
Spellcasting   | 3 4 5 6 |  6.6
Conjurations   | 2 3 |  3.5
Fire Magic     | 2 3 |  3.5

Action                   |  1- 3 |  4- 6 |  7- 9 | 10-12 || total
-------------------------+-------+-------+-------+-------++-------
Melee: Unarmed           |    71 |       |       |       ||    71
       Constrict         |    28 |    27 |    26 |    67 ||   148
       Tentacles         |    16 |    15 |    26 |    71 ||   128
       Short sword       |    11 |     1 |       |       ||    12
       Dagger            |       |   105 |   137 |   405 ||   647
Throw: Dart              |       |    11 |    11 |       ||    22
 Cast: Sandblast         |     9 |    20 |    53 |    75 ||   157
       Passwall          |       |     1 |     4 |     2 ||     7
       Petrify           |       |       |    10 |    97 ||   107
       Lee's Rapid Decon |       |       |       |    13 ||    13
Evoke: Wand              |       |       |     1 |     7 ||     8
  Use: Potion            |       |     1 |       |     1 ||     2
       Scroll            |       |       |     6 |     5 ||    11
 Stab: Sleeping          |    12 |     7 |    15 |    19 ||    53
       Petrified         |       |       |    14 |    87 ||   101
       Petrifying        |       |       |       |    12 ||    12
  Eat: Chunk             |     2 |     9 |    12 |    36 ||    59
       Ration            |       |       |     1 |     3 ||     4
Armor: Skin              |    12 |     6 |     5 |    10 ||    33
Dodge: Dodged            |    81 |    76 |    84 |   315 ||   556
